 Dungeon Crawl Stone Soup version 0.23.2 (webtiles) character file.

Game seed: 7219676882006754434

74 Lusmu the Chiller (level 4, -3/30 HPs)
             Began as a Merfolk Ice Elementalist on Apr 7, 2019.
             Slain by a scorpion (4 damage)
             ... on level 4 of the Dungeon.
             The game lasted 00:05:48 (2370 turns).

Lusmu the Chiller (Merfolk Ice Elementalist)        Turns: 2370, Time: 00:05:49

Health: -3/30      AC:  2    Str:  9    XL:     4   Next: 30%
Magic:  8/8        EV: 13    Int: 16    God:
Gold:   153        SH:  0    Dex: 14    Spells: 7/8 levels left

rFire    . . .     SeeInvis .   k - +0 short sword (holy)
rCold    . . .     Gourm    .   (no shield)
rNeg     . . .     Faith    .   a - +0 robe
rPois    .         Spirit   .   (no helmet)
rElec    .         Reflect  .   (no cloak)
rCorr    .         Harm     .   (no gloves)
MR       .....                  (no boots)
Stlth    ++........             (no amulet)
HPRegen  0.10/turn              i - +2 ring of intelligence
MPRegen  0.11/turn              (no ring)

@: lethally poisoned (-3 -> -13)
A: change form in water, swift swim, stealthy swim
a: no special abilities


You were on level 4 of the Dungeon.
You were not hungry.

You visited 1 branch of the dungeon, and saw 5 of its levels.

You collected 153 gold pieces.

Inventory:

Hand Weapons
 d - a +0 dagger
 k - a +0 short sword of holy wrath (weapon)
Missiles
 f - 5 tomahawks (quivered)
Armour
 a - a +0 robe (worn)
Jewellery
 i - a +2 ring of intelligence (left hand)
Potions
 b - a potion of cancellation
 e - a potion of resistance
Comestibles
 c - 3 rations


   Skills:
 - Level 2.6 Dodging
 + Level 3.5 Stealth
 + Level 2.8 Spellcasting
   Level 0.7 Conjurations
 + Level 4.1 Ice Magic


You had 7 spell levels left.
You knew the following spells:

 Your Spells              Type           Power        Failure   Level  Hunger
a - Freeze                Ice            ###.         3%          1    #......

Your spell library contained the following spells:

 Spells                   Type           Power        Failure   Level  Hunger
 Throw Frost              Conj/Ice       ##....       11%         2    ##.....
 Ozocubu's Armour         Chrm/Ice       #.......     24%         3    ###....
 Throw Icicle             Conj/Ice       ##......     56%         4    #####..
 Summon Ice Beast         Ice/Summ       #.......     63%         4    #####..


Dungeon Overview and Level Annotations

Branches:
Dungeon (5/15)
 Temple: D:4-7

Altars:
Cheibriados
Uskayaw
The Shining One


Message History

It was a scroll of remove curse.
The scorpion barely misses you.
Wield which item (- for none, * to show all)? (? for menu, Esc to quit)
Your +0 short sword of holy wrath softly glows with a divine radiance!
k - a +0 short sword of holy wrath (weapon)
Okay, then.
You hit the scorpion but do no damage. The scorpion closely misses you.
You hit the scorpion.
The scorpion is moderately wounded.
The scorpion stings you.
* * * LOW HITPOINT WARNING * * *
You are lethally poisoned!
The scorpion poisons you!
You closely miss the scorpion.
The scorpion is moderately wounded.
* * * LOW HITPOINT WARNING * * *
You feel sick. The scorpion misses you. The scorpion closely misses you.
You hit the scorpion.
The scorpion is heavily wounded.
The scorpion stings you.
You die...

### ###.## ##s.#.#
#@###.###### ###
#......# #.###....
##.# .. #..# #.
#.#####........
#####.##...........
#..................
######..###........


You could see a scorpion.

Vanquished Creatures
  2 adders (D:2)
  An ooze (D:1)
  3 dart slugs
  2 leopard geckos (D:1)
  2 ball pythons (D:1)
  6 bats
  6 giant cockroaches
  4 goblins
  3 hobgoblins
  7 kobolds
  A quokka (D:2)
  2 frilled lizards (D:1)
  2 rats (D:2)
41 creatures vanquished.

Notes
Turn   | Place    | Note
-------+----------+-------------------------------------------
     0 | D:1      | Lusmu the Merfolk Ice Elementalist began the quest for the
                  | Orb.
     0 | D:1      | Reached XP level 1. HP: 13/13 MP: 3/3
   228 | D:1      | Reached XP level 2. HP: 19/19 MP: 0/5
   632 | D:1      | Reached XP level 3. HP: 13/24 MP: 3/6
  1394 | D:2      | Reached skill level 4 in Ice Magic
  1852 | D:2      | Reached XP level 4. HP: 29/30 MP: 8/8
  2237 | D:3      | You fall through a shaft for 2 floors!
  2237 | D:5      | Entered Level 5 of the Dungeon
  2270 | D:5      | Noticed an ogre
  2296 | D:4      | HP: 1/30 [scorpion (6)]
  2301 | D:4      | Found a glowing golden altar of the Shining One.
  2304 | D:4      | Found a hide-covered altar of Uskayaw.
  2305 | D:4      | Found a snail-covered altar of Cheibriados.
  2369 | D:4      | HP: 1/30 [poisoned by a scorpion]
  2370 | D:4      | Slain by a scorpion

Skill      XL: |  1  2  3 |
---------------+----------+-----
Stealth        | 3 |  3.5
Ice Magic      | 4 |  4.1
Dodging        | |  2.6
Spellcasting   | |  2.8
Conjurations   | |  0.7

Action                   |  1- 3 |  4- 6 || total
-------------------------+-------+-------++-------
Melee: Short sword       |   105 |     4 ||   109
       Unarmed           |     2 |       ||     2
       Dagger            |       |    13 ||    13
 Cast: Freeze            |    23 |     4 ||    27
  Use: Scroll            |     3 |     1 ||     4
       Potion            |       |     2 ||     2
 Stab: Sleeping          |     2 |     4 ||     6
  Eat: Chunk             |     3 |     2 ||     5
Armor: Robe              |    29 |     1 ||    30
Dodge: Dodged            |   109 |    16 ||   125
